 Dungeon Crawl Stone Soup version 0.29-a0-998-g1987434951 (webtiles) character file.

Game seed: 6926520870949457045

7417 Sobieck the Tainter (level 11, -2/78 (81) HPs)
             Began as a Naga Venom Mage on Aug 5, 2022.
             Was a High Priest of Cheibriados.
             Slain by a troll (10 damage)
             ... on level 10 of the Dungeon.
             The game lasted 00:36:10 (14073 turns).

Sobieck the Tainter (Naga Venom Mage)              Turns: 14073, Time: 00:36:11

HP:   -2/78 (81)    AC:  8    Str: 27    XL:     11   Next: 14%
MP:   14/18         EV: 17    Int: 31    God:    Cheibriados [*****.]
Gold: 589           SH:  0    Dex: 23    Spells: 2/20 levels left

rFire   . . .      SeeInvis +   z - +3 hand axe (freeze) {axe}
rCold   . . .      Faith    .   (no shield)
rNeg    . . .      Spirit   .   y - +0 troll leather armour
rPois   +          Reflect  .   O - +1 helmet
rElec   .          Harm     .   I - +0 cloak
rCorr   .          Rampage  .   (no gloves)
Will    +....                   (no barding)
Stlth   ++........              (no amulet)
HPRegen 1.03/turn               M - +6 ring of strength
MPRegen 0.16/turn               h - +4 ring of evasion

@: silenced, lightly drained, invisible, very slow
A: AC +3, large, see invisible, deformed body, poison resistance, slowness 2,
spit poison 1, naga tail 1
a: Spit Poison, Renounce Religion


You were on level 10 of the Dungeon.
You worshipped Cheibriados.
Cheibriados was extremely pleased with you.
You visited 1 branch of the dungeon, and saw 11 of its levels.
You also visited: Sewer.

You collected 589 gold pieces.


Innate Abilities, Weirdness & Mutations

Your serpentine skin is tough. (AC +3)
You have supernaturally acute eyesight. (SInv)
Armour fits poorly on your strangely shaped body.
Your system is resistant to poisons. (rPois)
You cover ground very slowly.
You can spit poison.
You have a snake-like lower body.


   Skills:
 - Level 5.0 Dodging
 - Level 3.0 Stealth
 - Level 5.0 Spellcasting
 - Level 3.0 Hexes
 - Level 4.0 Summonings
 + Level 8.5 Transmutations
 - Level 2.0 Air Magic
 - Level 13.0 Poison Magic
 - Level 6.0 Invocations


You had 2 spell levels left.
You knew the following spells:

 Your Spells              Type           Power      Damage    Failure   Level
a - Spider Form           Tmut/Pois      65%        N/A       1%          3
b - Poisonous Vapours     Pois/Air       100%       N/A       1%          2
c - Olgreb's Toxic Radia  Pois           73%        N/A       1%          4
d - Summon Guardian Gole  Hex/Summ       29%        N/A       4%          3
e - Eringya's Noxious Bo  Tmut/Pois      32%        N/A       11%         6

Your spell library contained the following spells:

 Spells                   Type           Power      Damage    Failure   Level
 Beastly Appendage        Tmut           100%       N/A       1%          1
 Sting                    Tmut/Pois      100%       1d8       1%          1
 Summon Small Mammal      Summ           100%       N/A       1%          1
 Wereblood                Tmut           57%        N/A       1%          2
 Freeze                   Ice            28%        1d5       6%          1
 Mephitic Cloud           Conj/Pois/Air  38%        N/A       2%          3
 Call Canine Familiar     Summ           32%        N/A       3%          3
 Frozen Ramparts          Ice            14%        1d9       19%         3
 Stone Arrow              Conj/Erth      14%        3d7       19%         3
 Summon Mana Viper        Hex/Summ       29%        N/A       36%         5
 Hailstorm                Conj/Ice       7%         3d4       52%         4
 Passage of Golubria      Tloc           7%         N/A       52%         4
 Silence                  Hex/Air        11%        N/A       52%         5
 Summon Forest            Summ/Tloc      10%        N/A       58%         5
 Statue Form              Tmut/Erth      22%        N/A       85%         6
 Summon Cactus Giant      Summ           16%        N/A       87%         6
 Summon Hydra             Summ           16%        N/A       100%        7
 Lehudib's Crystal Spear  Conj/Erth      3%         10d3      100%        8

Inventory:

Hand Weapons
 c - a +0 whip {mace}
   (You found it on level 1 of the Dungeon)
 p - a +0 sling of freezing
   (You took it off a goblin on level 2 of the Dungeon)
 z - a +3 hand axe of freezing (weapon) {axe}
   (You took it off an orc on level 3 of the Dungeon)
 B - a +0 war axe {axe}
   (You found it on level 3 of the Dungeon)
 E - a +0 eveningstar {macerare=g}
   (You found it in a sewer)
Missiles
 e - 51 stones {throwing}
 f - 4 javelins {throwing}
 k - 15 poisoned darts {throwing}
 w - 4 boomerangs of dispersal {=f!fthrowing}
 x - 7 boomerangs {throwing}
 F - 6 atropa-tipped darts {throwing}
Armour
 y - a +0 troll leather armour (worn)
   (You found it on level 9 of the Dungeon)
 I - a +0 cloak (worn)
   (You found it on level 5 of the Dungeon)
 J - a +0 ring mail
   (You found it on level 3 of the Dungeon)
 L - a +0 ring mail
   (You took it off a hobgoblin on level 3 of the Dungeon)
 O - a +1 helmet (worn)
   (You found it on level 3 of the Dungeon)
 P - a +0 scale mail
   (You found it on level 5 of the Dungeon)
 S - a +0 chain mail
   (You found it on level 5 of the Dungeon)
 T - a +0 leather armour
   (You found it on level 5 of the Dungeon)
 U - the +1 robe "Cohubicw" {rN+ Dex+2 Slay+2}
   (You found it on level 7 of the Dungeon)

   Dex:       It affects your dexterity (+2).
   Slay:      It affects your accuracy & damage with ranged weapons and melee
   (+2).
   rN:        It protects you from negative energy.
 V - a +0 chain mail
   (You found it on level 5 of the Dungeon)
 W - a +0 ring mail
   (You took it off a gnoll sergeant on level 7 of the Dungeon)
 X - a +0 plate armour
   (You took it off an orc warrior on level 5 of the Dungeon)
 Y - a +0 ring mail
   (You took it off an orc on level 5 of the Dungeon)
 Z - a +0 leather armour
   (You took it off an orc on level 5 of the Dungeon)
Jewellery
 d - a ring of flight
   (You found it on level 6 of the Dungeon)
 h - a +4 ring of evasion (right hand)
   (You found it on level 1 of the Dungeon)
 C - an amulet of faith {!P}
   (You found it on level 6 of the Dungeon)
 M - a +6 ring of strength (left hand)
   (You found it on level 3 of the Dungeon)
 N - a +6 ring of strength
   (You found it on level 3 of the Dungeon)
Wands
 n - a wand of roots (6)
   (You found it on level 7 of the Dungeon)
 t - a wand of polymorph (4)
   (You took it off an orc on level 8 of the Dungeon)
 u - a wand of flame (30)
   (You found it on level 8 of the Dungeon)
Scrolls
 l - a scroll of amnesia
 o - 5 scrolls of teleportation {@r4}
 r - a scroll of fog
 D - 2 scrolls of immolation {!r!r}
 R - a scroll of vulnerability {unknown}
Potions
 b - 2 potions of magic
 g - a potion of haste {unknown}
 i - a potion of degeneration {unknown}
 j - a potion of cancellation
 q - 3 potions of berserk rage {!q}
 s - 2 potions of brilliance
 A - 9 potions of curing {@q1}
 G - a potion of invisibility
 H - 2 potions of resistance {unknown}
 K - 3 potions of might
 Q - 2 potions of lignification {!q}

Dungeon Overview and Level Annotations

Branches:
Dungeon (11/15) Zot: 39878  Temple (0/1) D:5            Lair (0/5) D:9
  Sewer (visited)
    Orc: D:9-12

Altars:
Ashenzari
Cheibriados
Dithmenos
Elyvilon
Fedhas
Hepliaklqana
Qazlal
Trog
Uskayaw
Wu Jian
Xom
The Shining One

Shops:
D:1 [

Annotations:
D:5 1 transporter, osoart's ghost, novice DsAM
D:9 2 transporters, CorralTheTroops's ghost, journeyman DjFE

#####################
#....................
#.######......... ...
#...............# ##
#...............#
#...<.....####..#
#...@[..........#####
#....T...............
#........######+#####
#.####)..#...........
#.# #...#...........
#.# #...#...........
#.# #...#...........
#.# #...#...........
#.####...#........⌠..


You could see a troll (unable to see you).


Message History

Unknown command.
Things that are here:
a +0 robe; a +0 dagger {short}
x - 7 boomerangs {throwing} (gained 2)
Things that are here:
a +0 plate armour; a +0 hand axe {axe} A troll comes into view.
The troll shouts!
Danger!
Casting: Eringya's Noxious Bog (quite dangerous; 11% risk of failure)
Confirm with . or Enter, or press ? or * to list all spells.
The spell is quite dangerous to miscast (11% risk of failure)!
Continue anyway?
Casting: Eringya's Noxious Bog (quite dangerous; 11% risk of failure)
Press: ? - help, Dir - look around, f - activate You spew toxic sludge!
The troll barely misses you. The troll closely misses you. x2
Unknown command.
The troll attacks as you move away! The troll misses you. x2
The troll claws you but does no damage.
You enter the toxic bog.
Moving in this stuff is going to be slow.
The troll misses you. The troll claws you. The troll completely misses you.
Your noxious spew wanes.
The troll bites you! The troll claws you. The troll claws you!
The troll completely misses you. The troll claws you!
* * * LOW HITPOINT WARNING * * *
The troll claws you.
* * * LOW HITPOINT WARNING * * *
The troll closely misses you. x2; The troll claws you.
* * * LOW HITPOINT WARNING * * *
Unknown command.
Casting: Eringya's Noxious Bog (quite dangerous; 11% risk of failure)
Confirm with . or Enter, or press ? or * to list all spells.
Okay, then.
You feel much better. The troll misses you. The troll closely misses you.
The troll barely misses you.
Okay, then.
Unknown command.
Casting: Eringya's Noxious Bog (quite dangerous; 11% risk of failure)
Confirm with . or Enter, or press ? or * to list all spells.
A guardian golem appears, shielding your allies.
The troll completely misses you. The troll claws you. x2
* * * LOW HITPOINT WARNING * * *
Unknown command.
The troll attacks as you move away! The troll bites you!
* * * LOW HITPOINT WARNING * * *
The troll closely misses you. The troll claws you but does no damage.
The troll bites you.
* * * LOW HITPOINT WARNING * * *
The troll claws you!
* * * LOW HITPOINT WARNING * * *
The troll misses you.
Unknown command.
You feel much better. The troll bites you!
* * * LOW HITPOINT WARNING * * *
The troll claws you.
* * * LOW HITPOINT WARNING * * *
The troll claws you!
* * * LOW HITPOINT WARNING * * *
Okay, then.
Unknown command.
Okay, then.
As you read the scroll labelled DAFEOSKIAFF, it crumbles to dust.
It is a scroll of enchant weapon.
Your +2 hand axe of freezing {axe} glows red for a moment.
The troll misses you. The troll closely misses you. x2
As you read the scroll labelled LIZYBE ZAELUR, it crumbles to dust.
A profound silence engulfs you.
It was a scroll of silence.
The troll bites you.
* * * LOW HITPOINT WARNING * * *
The troll claws you!
* * * LOW HITPOINT WARNING * * *
The troll barely misses you.
Unknown command.
Magic scrolls do not work when you're silenced!
Unknown command.
You fade into invisibility!
The troll barely misses you. x2; The troll claws you.
* * * LOW HITPOINT WARNING * * *
The troll closely misses you. The troll barely misses you. x2
The troll completely misses you. The troll misses you.
The troll completely misses you. The troll closely misses you.
The troll misses you. The troll closely misses you.
The troll closely misses you. x2; The troll claws you but does no damage.
The troll closely misses you. The troll claws you but does no damage.
The troll barely misses you.
Your guardian golem disappears in a puff of smoke!
The troll completely misses you. The troll closely misses you. x2
You see here a +0 short sword of freezing {short}.
The troll misses you. x2; The troll closely misses you. x2
The troll barely misses you. The troll closely misses you.
The troll barely misses you. The troll completely misses you. x2
Things that are here:
a +0 robe; a +0 dagger {short} The troll bites you.
* * * LOW HITPOINT WARNING * * *
The troll barely misses you. The troll closely misses you. The troll bites you!
* * * LOW HITPOINT WARNING * * *
The troll claws you!
You die...

Skill      XL: |  1  2  3  4  5  6  7  8  9 10 11 |
---------------+----------------------------------+-----
Poison Magic   | 5 6 7 8 10 12 13 | 13.0
Air Magic      | 2 |  2.0
Invocations    | 2 4 6 |  6.0
Dodging        | 2 3 5 |  5.0
Transmutations | 2 4 8 |  8.5
Spellcasting   | 4 5 |  5.0
Hexes          | 3 |  3.0
Summonings     | 4 |  4.0
Stealth        | |  3.0

Action                   |  1- 3 |  4- 6 |  7- 9 | 10-12 || total
-------------------------+-------+-------+-------+-------++-------
Melee: Whip              |    40 |    15 |       |       ||    55
       Hand axe          |       |    56 |   218 |    83 ||   357
       Unarmed           |       |       |    56 |       ||    56
       Punch             |       |       |     4 |     1 ||     5
 Cast: Sting             |    27 |    18 |       |       ||    45
       Poisonous Vapours |     1 |     5 |     2 |     8 ||    16
       Olgreb's Toxic Ra |       |    13 |    29 |    25 ||    67
       Spider Form       |       |       |     6 |       ||     6
       Summon Guardian G |       |       |       |     5 ||     5
       Eringya's Noxious |       |       |       |     3 ||     3
 Abil: Spit Poison       |    28 |    24 |    16 |     4 ||    72
  Use: Scroll            |       |       |    18 |     3 ||    21
       Potion            |       |       |       |     6 ||     6
 Stab: Sleeping          |       |     5 |     4 |       ||     9
Armor: Robe              |    15 |    19 |    97 |    25 ||   156
       Skin              |       |       |     2 |       ||     2
       Troll leather arm |       |       |       |    13 ||    13
Dodge: Dodged            |    27 |    46 |   319 |   220 ||   612

Levels and vault maps discovered:
D:1:      grunt_arrival_crossed_arrows, layout_loops_cross, serial_shops, shop,
          dreamdust_ecumenical_altar_drowned_temple, minmay_misc_feat_rows
D:2:      minmay_chambers_of_ones, layout_basic, minmay_misc_feat_more_columns
D:3:      layout_loops_ring, mainiacjoe_overflow_24_doors,
          nicolae_hepliaklqana_ecumenical_no_more, portal_sewer_entry_b,
          chequers_serial_rivers_micro_c, minmay_starry_boxes, uniq_terence
D:4:      layout_layer_cave, nicolae_dithmenos_the_darkroom,
          grunt_qazlal_clouds, nicolae_uskayaw_dance_hall,
          mainiacjoe_overflow_two_lobes
D:5:      layout_loops_ring, mainiacjoe_overflow_chevrons,
          mainiacjoe_overflow_boulevard, mainiacjoe_overflow_surrounded_room,
          minmay_temple_entry_mist, gammafunk_ghost_abyssal_escape,
          minmay_misc_feat_ornament
D:6:      layout_basic, nicolae_tso_besieged_by_evil
D:7:      layout_loops_ring, lightli_temple_of_fire, item_on_display_a
D:8:      layout_rooms, serial_co_window_serial, co_window_corner_a,
          co_window_of_opportunity_a, co_window_paths_a, co_window_paths_a,
          co_window_cross_1, co_window_cross_2, co_window_cross_2,
          co_window_of_opportunity_b, co_window_unsneaky_path_a,
          co_window_corner_b, co_window_cross_2, co_window_of_opportunity_c,
          co_window_paths_e, co_window_4corner_b, glass_columns_a,
          glass_columns_c, glass_columns_c, glass_columns_c, grunt_ministairs_1,
          st_stairs_8
D:9:      layout_basic, erik_lair_island, gammafunk_ghost_arena,
          hangedman_abyss_or_decor_clamps, hangedman_decor_push, uniq_erica
D:10:     layout_stronghold, nicolae_vehumet_radiance, kennysheep_mini,
          serial_ice, serial_ice_a, serial_ice_b, serial_ice_e, serial_ice_f,
          dk_noncrumbling_2, dreamdust_wishing_well, dreamdust_princess_bridge
D:11:     layout_rooms, enter_trove_6, uniq_josephine, uniq_harold

Notes
Turn   | Place    | Note
-------+----------+-------------------------------------------
     0 | D:1      | Sobieck the Naga Venom Mage began the quest for the Orb.
     0 | D:1      | Reached XP level 1. HP: 15/15 MP: 3/3
   243 | D:1      | Reached XP level 2. HP: 19/22 MP: 0/5
   414 | D:1      | Learned a level 2 spell: Poisonous Vapours
   478 | D:1      | Found a faded altar of an unknown god.
   513 | D:1      | Found Amudit's Armour Shop.
   524 | D:1      | Reached skill level 5 in Poison Magic
   853 | D:1      | Reached XP level 3. HP: 26/28 MP: 4/6
  1508 | D:2      | Reached skill level 6 in Poison Magic
  1823 | D:2      | Reached XP level 4. HP: 28/36 MP: 2/7
  1873 | D:2      | Learned a level 4 spell: Olgreb's Toxic Radiance
  2453 | D:3      | Noticed Terence
  2459 | D:3      | Killed Terence
  2460 | D:3      | Reached skill level 7 in Poison Magic
  2524 | D:2      | Reached XP level 5. HP: 18/42 MP: 2/8
  2803 | D:3      | Found a glowing drain.
  2820 | Sewer    | Entered a sewer
  2995 | Sewer    | Reached skill level 8 in Poison Magic
  3203 | Sewer    | E - a +0 eveningstar {macerare=g}
  3304 | Sewer    | Reached XP level 6. HP: 49/49 MP: 4/9
  3380 | Sewer    | Reached skill level 9 in Poison Magic
  3577 | D:3      | You pick up a book of Changes and begin reading...
  3577 | D:3      | You add the spells Beastly Appendage, Wereblood and Spider
                  | Form to your library.
  3679 | D:3      | You pick up a book of the Moon and begin reading...
  3679 | D:3      | You add the spells Passage of Golubria, Silence and
                  | Lehudib's Crystal Spear to your library.
  3918 | D:3      | Found a snail-covered altar of Cheibriados.
  3922 | D:3      | Became a worshipper of Cheibriados the Contemplative
  4079 | D:3      | Found a faded altar of an unknown god.
  4079 | D:3      | Found a faded altar of an unknown god.
  4090 | D:3      | Found a hazy altar of Hepliaklqana.
  4090 | D:3      | Found a faded altar of an unknown god.
  4320 | D:4      | Reached skill level 10 in Poison Magic
  4320 | D:4      | Reached XP level 7. HP: 22/55 MP: 2/10
  4788 | D:4      | Found a shadowy altar of Dithmenos.
  4858 | D:4      | Found a hide-covered altar of Uskayaw.
  4961 | D:4      | Found a blossoming altar of Fedhas.
  5007 | D:4      | Found an ornate altar of the Wu Jian Council.
  5066 | D:4      | You fall into a shaft and drop 2 floors!
  5093 | D:5      | Entered Level 5 of the Dungeon
  5098 | D:5      | Learned a level 3 spell: Spider Form
  5104 | D:5      | Noticed osoart's ghost (novice DsAM)
  5110 | D:5      | Reached skill level 1 in Air Magic
  5162 | D:5      | Reached skill level 1 in Invocations
  5165 | D:5      | Reached * piety under Cheibriados
  5166 | D:5      | Reached skill level 2 in Dodging
  5289 | D:4      | You add the spells Summon Forest, Eringya's Noxious Bog and
                  | Summon Hydra to your library.
  5349 | D:4      | Found a stormy altar of Qazlal.
  5713 | D:4      | You pick up a book of the Wilderness and begin reading...
  5713 | D:4      | You add the spells Summon Mana Viper and Summon Cactus
                  | Giant to your library.
  5809 | D:5      | Found a shimmering altar of Xom.
  5977 | D:5      | Found a white marble altar of Elyvilon.
  5985 | D:5      | Reached skill level 2 in Transmutations
  6006 | D:5      | Reached skill level 2 in Air Magic
  6006 | D:5      | Reached skill level 2 in Invocations
  6006 | D:5      | Reached XP level 8. HP: 52/62 MP: 2/12
  6100 | D:5      | Found a transporter.
  6103 | D:5      | Found a staircase to the Ecumenical Temple.
  6176 | D:5      | Reached skill level 3 in Spellcasting
  6260 | D:5      | Found a broken altar of Ashenzari.
  6555 | D:5      | Reached skill level 3 in Transmutations
  6968 | D:6      | Reached skill level 3 in Invocations
  7056 | D:6      | Reached skill level 3 in Dodging
  7348 | D:6      | Found a glowing golden altar of the Shining One.
  8044 | D:6      | Reached skill level 4 in Spellcasting
  8044 | D:6      | Reached skill level 4 in Invocations
  8121 | D:6      | Reached skill level 4 in Transmutations
  8457 | D:6      | You pick up a book of Callings and begin reading...
  8457 | D:6      | You add the spells Summon Small Mammal, Call Canine
                  | Familiar and Summon Guardian Golem to your library.
  8543 | D:7      | Identified the +1 robe "Cohubicw" {rN+ Dex+2 Slay+2}
  8581 | D:7      | Reached ** piety under Cheibriados
  8600 | D:7      | HP: 14/62 [gnoll/+0 spear[a gnoll sergeant] (3)]
  8602 | D:7      | Reached XP level 9. HP: 15/68 MP: 2/15
  8863 | D:7      | Found a bloodstained altar of Trog.
  8991 | D:7      | Reached skill level 4 in Dodging
  9415 | D:7      | Reached skill level 5 in Invocations
  9522 | D:7      | You add the spells Stone Arrow and Statue Form to your
                  | library.
  9522 | D:7      | Got Reheapn's Catalogue of Bedrock
  9623 | D:7      | Reached skill level 5 in Spellcasting
 10520 | D:8      | Learned a level 3 spell: Summon Guardian Golem
 10536 | D:8      | Reached skill level 5 in Dodging
 10536 | D:8      | Reached skill level 6 in Invocations
 10539 | D:8      | Reached skill level 1 in Hexes
 10539 | D:8      | Reached skill level 1 in Summonings
 10699 | D:8      | You pick up a book of Frost and begin reading...
 10699 | D:8      | You add the spells Freeze, Frozen Ramparts and Hailstorm to
                  | your library.
 10711 | D:8      | Reached skill level 2 in Hexes
 10711 | D:8      | Reached skill level 2 in Summonings
 10715 | D:8      | Reached skill level 3 in Hexes
 10715 | D:8      | Reached skill level 3 in Summonings
 10805 | D:8      | Reached *** piety under Cheibriados
 10948 | D:8      | HP: 4/68 [orc warrior/+0 hand axe (14)]
 10949 | D:8      | Reached skill level 4 in Summonings
 10949 | D:8      | Reached XP level 10. HP: 5/75 MP: 10/17
 12036 | D:9      | Found a transporter.
 12036 | D:9      | Found a transporter.
 12036 | D:9      | Noticed CorralTheTroops's ghost (journeyman DjFE)
 12037 | D:9      | Noticed a centaur warrior
 12038 | D:9      | Noticed a gargoyle
 12144 | D:9      | Noticed Erica
 12162 | D:9      | Killed Erica
 12163 | D:9      | Reached skill level 5 in Transmutations
 12163 | D:9      | Reached skill level 6 in Transmutations
 12170 | D:9      | Learned a level 6 spell: Eringya's Noxious Bog
 12285 | D:9      | Reached skill level 7 in Transmutations
 12534 | D:9      | Reached skill level 11 in Poison Magic
 12540 | D:9      | Reached **** piety under Cheibriados
 12577 | D:8      | Reached skill level 12 in Poison Magic
 12916 | D:9      | Found a staircase to the Lair.
 12921 | D:9      | Reached skill level 8 in Transmutations
 13076 | D:9      | Reached XP level 11. HP: 81/81 MP: 8/18
 13637 | D:10     | Entered Level 10 of the Dungeon
 13787 | D:10     | Reached skill level 13 in Poison Magic
 13891 | D:10     | Reached ***** piety under Cheibriados
 14062 | D:10     | HP: 16/78 [troll (8)]
 14065 | D:10     | HP: 5/78 [troll (11)]
 14073 | D:10     | HP: 8/78 [troll (12)]
 14073 | D:10     | Slain by a troll

Vanquished Creatures
  Erica (D:9)
  A troll (D:9)
  A hornet (D:9)
  A wraith (D:10)
  A wyvern (D:7)
  12 yaks
  A steam dragon (D:6)
  5 water moccasins
  2 sky beasts (D:7)
  A black bear (D:7)
  5 orc warriors
  2 centaurs
  An ogre (D:4)
  3 wolves (D:9)
  4 scorpions (D:5)
  2 bullfrogs (Sewer)
  A gnoll sergeant (D:7)
  5 wights
  8 killer bees
  3 electric eels (D:9)
  10 hounds
  A quasit (D:6)
  6 orc priests
  A jelly (D:8)
  3 iguanas
  Terence (D:3)
  9 orc wizards
  8 gnolls
  9 adders
  8 river rats
  4 white imps
  An ufetubus (D:5)
  A worm (D:4)
  2 dart slugs
  31 orcs
  3 endoplasms
  3 giant cockroaches
  7 goblins
  12 hobgoblins
  9 kobolds
  4 quokkas
  22 ball pythons
  7 bats
  6 frilled lizards
  2 goblin skeletons (D:6)
  A goblin zombie (D:6)
  A kobold zombie (D:6)
  An orc skeleton (D:6)
  3 orc zombies (D:6)
  20 rats
  A spectral goblin (D:1)
257 creatures vanquished.

Vanquished Creatures (others)
  An acid dragon (D:9)
  2 plants (D:5)
3 creatures vanquished.

Grand Total: 260 creatures vanquished

Table legend:
 A = Non-vault XP
 B = Vault XP
 C = Vault XP percentage of total XP
 D = Non-vault monster count
 E = Vault monster count
 F = Vault count percentage of total count
                 A         B        C        D         E       F
            +---------+---------+-------+---------+---------+-------
      Total |    8032 |    2565 |  24.2 |     174 |      84 |  32.6
            +---------+---------+-------+---------+---------+-------
        D:1 |      42 |       1 |   2.3 |      23 |       1 |   4.2
        D:2 |      70 |       7 |   9.1 |      20 |       5 |  20.0
        D:3 |      68 |      74 |  52.1 |      18 |      10 |  35.7
        D:4 |     179 |       0 |   0.0 |      11 |       0 |   0.0
        D:5 |     790 |       0 |   0.0 |      18 |       0 |   0.0
        D:6 |     650 |      50 |   7.1 |      11 |       9 |  45.0
        D:7 |    1163 |       0 |   0.0 |      18 |       0 |   0.0
        D:8 |    1153 |     412 |  26.3 |      12 |       9 |  42.9
        D:9 |    2964 |    1682 |  36.2 |      30 |       9 |  23.1
       D:10 |     953 |      10 |   1.0 |      13 |       1 |   7.1
      Sewer |       0 |     329 | 100.0 |       0 |      40 | 100.0
            +---------+---------+-------+---------+---------+-------

Illustrated notes

Table legend:
 A = Kills in this place as a percentage of kills in entire the game.
 B = Kills by you in this place as a percentage of kills by you in the entire game.
 C = Kills by friends in this place as a percentage of kills by friends in the entire game.
 D = Other kills in this place as a percentage of other kills in the entire game.
 E = Experience gained in this place as a percentage of experience gained in the entire game.
 F = Experience gained in this place divided by the number of levels of this place that you have seen.
                   A       B       C       D       E      F
               +-------+-------+-------+-------+-------+----------------------
         Total | 100.0 | 100.0 |   N/A | 100.0 | 100.0 | 883.1
       Dungeon |  84.5 |  84.4 |   N/A | 100.0 |  96.9 | 933.5
         Sewer |  15.5 |  15.6 |   N/A |   0.0 |   3.1 | 329.0
               +-------+-------+-------+-------+-------+----------------------

Table legend: (Time is in decaauts)
 A = Elapsed time spent in this place.
 B = Non-inter-level travel time spent in this place.
 C = Inter-level travel time spent in this place.
 D = Time resting spent in this place.
 E = Time spent auto-exploring this place.
 F = Levels seen in this place.
 G = Mean time per level.
                   A        B        C        D        E       F      G
               +--------+--------+--------+--------+--------+-----+--------+
         Total |  20675 |  19641 |   1034 |   4419 |  12065 |  12 | 1722.9 |
       Dungeon |  19868 |  18834 |   1034 |   4043 |  12033 |  11 | 1806.2 |
         Sewer |    807 |    807 |      0 |    376 |     32 |   1 |  807.0 |
               +--------+--------+--------+--------+--------+-----+--------+

Top non-repeatable levels by time:
     D:8: 3312 daAuts
     D:9: 2619 daAuts
     D:6: 2540 daAuts
     D:7: 2398 daAuts
     D:4: 1910 daAuts
     D:5: 1854 daAuts
     D:2: 1683 daAuts
     D:3: 1567 daAuts
     D:1: 1450 daAuts
   Sewer: 807 daAuts
    D:10: 523 daAuts
    D:11: 9 daAuts
